 Dungeon Crawl Stone Soup version 0.29-a0-284-gf9362112df (webtiles) character file.

Game seed: 3953162885080755388

46 timneilson the Shield-Bearer (level 3, -4/23 HPs)
             Began as a Gargoyle Fighter on Mar 27, 2022.
             Slain by a worm (5 damage)
             ... on level 2 of the Dungeon.
             The game lasted 00:01:46 (1725 turns).

timneilson the Shield-Bearer (Gargoyle Fighter)     Turns: 1725, Time: 00:01:46

Health: -4/23      AC: 13    Str: 21    XL:     3   Next: 66%
Magic:  3/3        EV:  7    Int:  8    God:
Gold:   101        SH:  4    Dex:  9    Spells: 2/2 levels left

rFire   . . .      SeeInvis .   a - +0 long sword
rCold   . . .      Faith    .   c - +0 buckler
rNeg    + . .      Spirit   .   g - +0 chain mail
rPois   ∞          Reflect  .   (no helmet)
rElec   +          Harm     .   (no cloak)
rCorr   .          Rampage  .   k - +0 pair of gloves
Will    .....                   (no boots)
Stlth   ..........              (no amulet)
HPRegen 0.07/turn               (no ring)
MPRegen 0.08/turn               (no ring)

@: no status effects
A: sickness immunity, AC +3, negative energy resistance 1, electricity
resistance, torment resistance 1, petrification resistance
a: no special abilities


You were on level 2 of the Dungeon.
You visited 1 branch of the dungeon, and saw 3 of its levels.

You collected 101 gold pieces.

Inventory:

Hand Weapons
 a - a +0 long sword (weapon)
Armour
 b - a +0 plate armour
 c - a +0 buckler (worn)
 g - a +0 chain mail (worn)
 k - a +0 pair of gloves (worn)
Scrolls
 i - a scroll of blinking
Potions
 d - 2 potions of might
 f - a potion of mutation
 h - a potion of attraction
 j - a potion of berserk rage {unknown}


   Skills:
 + Level 3.4 Fighting
 * Level 2.3 Long Blades
 * Level 3.8 Armour
 + Level 0.6 Dodging
 * Level 3.8 Shields


You had 2 spell levels left.
You didn't know any spells.
Your spell library contained the following spells:

 Spells                   Type           Power      Damage    Failure   Level
 Shock                    Conj/Air       0%         1d3       99%         1
 Swiftness                Air            0%         N/A       100%        3
 Airstrike                Air            0%         N/A       100%        4


Dungeon Overview and Level Annotations

Branches:
Dungeon (3/15)

Altars:


Innate Abilities, Weirdness & Mutations

You are immune to sickness and miasma.
Your stone body is resilient. (AC +3)
You are immune to poison.
You resist negative energy. (rN+)
You are resistant to electric shocks. (rElec)
You are resistant to unholy torment.
You are immune to petrification.


Message History

The orc closely misses you. The orc hits you but does no damage. x2
You slash the orc!
You kill the orc!
The orc hits you with a +0 short sword. The orc hits you but does no damage.
The orc completely misses you. The hobgoblin barely misses you.
The orc hits you but does no damage.
You closely miss the orc. The hobgoblin closely misses you.
The orc hits you with a +0 short sword. The orc hits you with a +0 club.
The worm bites you but does no damage.
You hit the orc.
The orc is severely wounded.
The hobgoblin closely misses you. The orc hits you but does no damage. x2
The worm bites you but does no damage.
You closely miss the orc.
The orc is severely wounded.
The hobgoblin hits you but does no damage.
The orc hits you but does no damage. You block the orc's attack.
The orc barely misses you. The orc hits you but does no damage.
The hobgoblin barely misses you. The worm bites you!
* * * LOW HITPOINT WARNING * * *
The worm completely misses you.
There is a stone staircase leading up here.
The hobgoblin closely misses you.
You climb upwards.
There is a stone staircase leading down here.
You closely miss the hobgoblin. The worm bites you but does no damage.
The hobgoblin hits you but does no damage.
You hit the worm.
The worm is lightly wounded.
The hobgoblin barely misses you. The worm bites you but does no damage.
The hobgoblin hits you.
* * * LOW HITPOINT WARNING * * *
You hit the worm.
The worm is moderately wounded.
The hobgoblin hits you but does no damage.
The worm bites you but does no damage.
You barely miss the worm.
The worm is lightly wounded.
The hobgoblin completely misses you. The worm bites you.
You die...

###########
#.........########
#.#######.........
#w# ########## #@#
#g# #o# #### #.#
#...
############.##
#..#
#.....[.......##
####.#.
#.#.#..........#
#....#.
#.#.#########.##
#####.##.#. #.#.#
#.# #........#.


You could see a worm, an orc and a hobgoblin.

Vanquished Creatures
  An adder (D:2)
  2 worms (D:2)
  A dart slug (D:1)
  An orc (D:3)
  3 endoplasms (D:1)
  2 giant cockroaches
  6 goblins
  3 hobgoblins
  A ball python (D:1)
  2 bats
  A frilled lizard (D:1)
  3 kobolds
26 creatures vanquished.

Notes
Turn   | Place    | Note
-------+----------+-------------------------------------------
     0 | D:1      | timneilson the Gargoyle Fighter began the quest for the
                  | Orb.
     0 | D:1      | Reached XP level 1. HP: 14/14 MP: 1/1
   283 | D:1      | Reached XP level 2. HP: 14/19 MP: 2/2
   983 | D:2      | Reached XP level 3. HP: 13/23 MP: 3/3
  1723 | D:2      | HP: 1/23 [hobgoblin (4)]
  1725 | D:2      | Slain by a worm

Illustrated notes

Levels and vault maps discovered:
D:1:      sevenhm_arrival_forest_fort_small_5, layout_basic
D:2:      cheibrodos_old_hovel, layout_loops_ring
D:3:      layout_basic, gammafunk_ghost_split, uniq_crazy_yiuf_cottage

Skill      XL: |  1 |
---------------+----+-----
Long Blades    | 2 |  2.3
Fighting       | |  3.4
Armour         | |  3.8
Dodging        | |  0.6
Shields        | |  3.8

Action                   || total
-------------------------++-------
Melee: Long sword        ||   102
  Use: Scroll            ||     6
Armor: Scale mail        ||    34
       Chain mail        ||    38
Dodge: Dodged            ||    45
Block: Buckler           ||    18

Table legend: (Time is in decaauts)
 A = Elapsed time spent in this place.
 B = Non-inter-level travel time spent in this place.
 C = Inter-level travel time spent in this place.
 D = Time resting spent in this place.
 E = Time spent auto-exploring this place.
 F = Levels seen in this place.
 G = Mean time per level.
                   A        B        C        D        E       F      G
               +--------+--------+--------+--------+--------+-----+--------+
         Total |   1762 |   1738 |     24 |      0 |   1451 |   3 |  587.3 |
       Dungeon |   1762 |   1738 |     24 |      0 |   1451 |   3 |  587.3 |
               +--------+--------+--------+--------+--------+-----+--------+

Top non-repeatable levels by time:
     D:2: 979 daAuts
     D:1: 763 daAuts
     D:3: 19 daAuts
